 Dungeon Crawl Stone Soup version 0.17.0-28-g6e173f8 (webtiles) character file.

1234 theaverageperson the Ducker (level 8, 0/71 HPs)
             Began as a Red Draconian Berserker on Nov 25, 2015.
             Was an Elder of Trog.
             Succumbed to srt19170's ghost's poison
             ... on level 6 of the Dungeon.
             The game lasted 00:24:35 (4343 turns).

theaverageperson the Ducker (DrBe)                  Turns: 4343, Time: 00:24:37

Health: 0/71       AC:  8    Str: 26    XL:     8   Next: 24%
Magic:  8/8        EV: 15    Int:  7    God:    Trog [****..]
Gold:   346        SH:  0    Dex: 12    Spells: 0 memorised, 7 levels left

rFire  + . .     SeeInvis .     e - +1 mace
rCold  . . .     Clarity  .     (armour unavailable)
rNeg   . . .     SustAt   .     (no shield)
rPois  .         Gourm    .     (helmet restricted)
rElec  .         Spirit   .     l - +0 cloak
rCorr  +         Warding  .     c - +0 pair of gloves {archery}
rMut   .         Stasis   .     (no boots)
MR     .....                    v - amulet of resist corrosion
Stlth  ..........               j - ring of flight
                                u - ring of loudness (curse)

@: mighty, lethally poisoned (0 -> -17), exhausted, slowed, very slow, not
resistant to hostile enchantments, extremely unstealthy
A: breathe fire, unfitting armour, fire resistance 1, cold-blooded, AC +6
a: Breathe Fire, Berserk, Trog's Hand, Brothers in Arms, Burn Spellbooks,
Renounce Religion, Evoke Flight


You were on level 6 of the Dungeon.
You worshipped Trog.
Trog was greatly pleased with you.
You were very full.

You visited 1 branch of the dungeon, and saw 6 of its levels.

You collected 346 gold pieces.

Inventory:

Hand Weapons
 a - a +0 mace
 e - a +1 mace (weapon)
 o - a +0 mace
 s - a +0 mace
 t - a +0 dagger of electrocution
Armour
 c - a +0 pair of gloves of archery (worn)
 l - a +0 cloak (worn)
Jewellery
 g - an uncursed ring of protection from fire
 j - a ring of flight (right hand)
 u - a cursed ring of loudness (left hand)
 v - an amulet of resist corrosion (around neck)
Scrolls
 f - a scroll of fog
 k - a scroll of identify
 q - a scroll of remove curse
Comestibles
 h - a beef jerky
 m - 4 meat rations


   Skills:
 * Level 6.3 Fighting
 * Level 5.5 Maces & Flails
 * Level 7.0 Dodging
 + Level 1.2 Stealth


You had 7 spell levels left.
You didn't know any spells.

Dungeon Overview and Level Annotations

Branches:
Dungeon (6/15)
 Temple: D:4-7

Altars:
Nemelex Xobeh
Qazlal
Zin
The Shining One


Innate Abilities, Weirdness & Mutations

You can breathe blasts of fire.
Your fiery red scales are hard (AC +6).
Your body does not fit into most forms of armour.
Your flesh is heat resistant.
You are cold-blooded and may be slowed by cold attacks.


Message History

* * * LOW HITPOINT WARNING * * *
You feel sick.
Oops, that ring feels deathly cold.
u - a cursed ring of loudness (left hand)
* * * LOW HITPOINT WARNING * * *
You feel sick.
v - an amulet of resist corrosion (around neck)
* * * LOW HITPOINT WARNING * * *
You feel sick.
There is a lethal amount of poison in your body!
There is a lethal amount of poison in your body!
Eat which item? (? for menu, Esc to quit)
* * * LOW HITPOINT WARNING * * *
You feel very sick.
You continue eating.
* * * LOW HITPOINT WARNING * * *
You feel very sick.
You continue eating.
You have got your breath back.
You die...

##################
######.......<......... #
#................######
.##.####...#...########.#
.............@.....# #.#
#.<.......###.# #.#
#...<....## #.# #.######
#.......## #.# #.......
#.#...### #.# ##.#####
#......# #.# #.#
.......## #.# #)#
###...### #.#####)# ##.#
#.......#


There were no monsters in sight!

Vanquished Creatures
  The ghost of srt19170 the Firebug, a novice HOFE (D:6)
  An ogre (D:5)
  An ice beast (D:6)
  A scorpion (D:5)
  2 crimson imps
  A quasit (D:4)
  An iguana (D:6)
  A hound (D:5)
  2 orc priests (D:6)
  3 orc wizards
  A giant frog skeleton (D:4)
  3 worker ants (D:4)
  A worker ant zombie (D:5)
  10 adders
  2 oozes
  A worm (D:2)
  A giant gecko (D:1)
  11 orcs
  15 bats
  3 giant cockroaches (D:3)
  6 hobgoblins
  7 jackals
  6 kobolds
  3 quokkas
  A ball python (D:2)
  6 giant newts
  2 goblins
  7 rats
100 creatures vanquished.

Notes
Turn   | Place    | Note
--------------------------------------------------------------
     0 | D:1      | theaverageperson the Draconian Berserker began the quest for the Orb.
     0 | D:1      | Reached XP level 1. HP: 19/19 MP: 1/1
   117 | D:1      | Reached XP level 2. HP: 17/26 MP: 2/2
   719 | D:2      | Found a glowing golden altar of the Shining One.
   745 | D:2      | Reached ** piety under Trog
   753 | D:2      | Reached XP level 3. HP: 25/33 MP: 3/3
   928 | D:2      | Reached skill level 4 in Fighting
  1111 | D:2      | Found a glowing silver altar of Zin.
  1419 | D:3      | Reached XP level 4. HP: 31/40 MP: 4/4
  1595 | D:3      | Found a stormy altar of Qazlal.
  2329 | D:4      | Reached XP level 5. HP: 35/47 MP: 5/5
  2377 | D:4      | Reached *** piety under Trog
  2941 | D:4      | Reached skill level 5 in Fighting
  3462 | D:4      | Reached XP level 6. HP: 56/56 MP: 6/6
  3496 | D:5      | Entered Level 5 of the Dungeon
  3601 | D:5      | Found a sparkling altar of Nemelex Xobeh.
  3707 | D:5      | Reached skill level 5 in Dodging
  3982 | D:5      | Your scales start taking on a fiery red colour.
  3982 | D:5      | Gained mutation: Your flesh is heat resistant. [Red Draconian growth]
  3982 | D:5      | Reached XP level 7. HP: 61/61 MP: 7/7
  4167 | D:6      | Reached skill level 1 in Stealth
  4210 | D:6      | Reached skill level 6 in Dodging
  4312 | D:6      | Noticed srt19170's ghost (novice HOFE)
  4336 | D:6      | Killed srt19170's ghost
  4336 | D:6      | Reached **** piety under Trog
  4336 | D:6      | Reached skill level 5 in Maces & Flails
  4336 | D:6      | Reached skill level 7 in Dodging
  4336 | D:6      | Reached XP level 8. HP: 19/71 MP: 8/8
  4342 | D:6      | HP: 2/71 [poisoned by srt19170's ghost]
  4343 | D:6      | Succumbed to srt19170's ghost's poison

Action                   |  1- 3 |  4- 6 |  7- 9 || total
-------------------------+-------+-------+-------++-------
Melee: Mace              |   101 |   176 |    53 ||   330
Invok: Berserk           |       |     7 |     4 ||    11
       Burn Spellbooks   |       |       |     1 ||     1
 Abil: Breathe Fire      |       |       |     3 ||     3
  Use: Potion            |       |     8 |     3 ||    11
       Scroll            |       |    10 |       ||    10
 Stab: Sleeping          |     2 |       |       ||     2
  Eat: Bread ration      |       |     4 |     3 ||     7
